 Dungeon Crawl Stone Soup version 0.26-a0-491-g70697cc071 (webtiles) character file.

Game seed: 2073591509318701939

22 MrRokkomies the Slasher (level 2, -3/21 HPs)
             Began as an Octopode Chaos Knight on Aug 5, 2020.
             Was a Plaything of Xom.
             Slain by a chaos spawn (19 damage)
             ... summoned by Xom
             ... on level 1 of the Dungeon.
             The game lasted 00:00:40 (704 turns).

MrRokkomies the Slasher (Octopode Chaos Knight)      Turns: 704, Time: 00:00:41

Health: -3/21      AC:  1    Str:  8 (11) XL:     2   Next: 91%
Magic:  2/2        EV: 14    Int: 14      God:    Xom [*.....]
Gold:   85         SH:  0    Dex: 11      Spells: 1/1 levels left

rFire    . . .     SeeInvis .   a - +0 falchion (chaos)
rCold    . . .     Faith    .   (no shield)
rNeg     . . .     Spirit   .   (helmet restricted)
rPois    .         Reflect  .   (no amulet)
rElec    .         Harm     .   (no ring)
rCorr    .                      (no ring)
MR       .....                  (no ring)
Stlth    +++.......             (no ring)
HPRegen  0.07/turn              (no ring)
MPRegen  0.08/turn              (no ring)
                                (no ring)
                                (no ring)

@: no status effects
A: almost no armour, stealthy swim, amphibious, 8 rings, constrict 8, camouflage
1, gelatinous body 1
a: Renounce Religion


You were on level 1 of the Dungeon.
You worshipped Xom.
You were a special plaything of Xom.
You visited 1 branch of the dungeon, and saw 1 of its levels.

You collected 85 gold pieces.

Inventory:

Hand Weapons
 a - a +0 falchion of chaos (weapon)
Scrolls
 b - 4 scrolls of remove curse {unknown}
 d - a scroll of blinking {unknown}
 e - 2 scrolls of teleportation {unknown}
 h - 2 scrolls of identify {unknown}
Potions
 c - 2 potions of ambrosia {unknown}
 f - a potion of mutation {unknown}
 g - a potion of brilliance {unknown}
 i - a potion of curing {unknown}


   Skills:
 + Level 3.2 Fighting
 * Level 3.3 Long Blades
 * Level 2.8 Dodging
 + Level 1.3 Stealth


You had one spell level left.
You didn't know any spells.
Your spell library was empty.

Dungeon Overview and Level Annotations

Branches:
Dungeon (1/15)

Altars:


Innate Abilities, Weirdness & Mutations

You cannot wear most types of armour.
You are very stealthy in the water. (Stealth+)
You are amphibious.
You can wear up to eight rings at the same time.
You can use your tentacles to constrict eight enemies at once.
Your skin changes colour to match your surroundings (Stealth+).
Your rubbery body absorbs attacks. (AC +1, EV +1)


Message History

The goblin shouts!
The goblin barely misses you.
You riposte.
You barely miss the goblin. Your grab misses the goblin.
You squeeze the goblin.
You kill the goblin!
No target in view!
No target in view!
No target in view!
You now have 85 gold pieces (gained 6).
You open the door.
There is an open door here.
There is an open door here.
You see here 16 stones.
h - 2 scrolls labeled DAPATIPNON (gained 1) "Let's see if it's strong enough to survive yet."
You are now a special plaything of Xom.
You barely miss the iron imp. Your grab misses the iron imp.
You squeeze the iron imp, but do no damage.
The iron imp hits you. The chaos spawn hits you!!
Ouch! That really hurt!
You die...

####### ##### #.....#
###...#### #.###.#
#5.......# ######.# #.#
#@#.#.##.# ....>#.# #.#
#4#.#..#.# ####.#.# #.#
#.#.####.#
#.#.###.#####.#......#
#.....#.......########
#.....#########
#.....### #.......#
####.....#.#############


You could see a chaos spawn (summoned) and an iron imp (summoned).

Vanquished Creatures
  A dart slug (D:1)
  A giant cockroach (D:1)
  6 goblins (D:1)
  A hobgoblin (D:1)
  4 jackals (D:1)
  A bat (D:1)
  2 frilled lizards (D:1)
  2 rats (D:1)
18 creatures vanquished.

Notes
Turn   | Place    | Note
-------+----------+-------------------------------------------
     0 | D:1      | MrRokkomies the Octopode Chaos Knight began the quest for
                  | the Orb.
     0 | D:1      | Reached XP level 1. HP: 16/16 MP: 1/1
   328 | D:1      | XOM: silly message
   329 | D:1      | Reached XP level 2. HP: 21/21 MP: 2/2
   332 | D:1      | XOM: swap monsters
   342 | D:1      | Reached skill level 1 in Stealth
   556 | D:1      | XOM is BORED!
   556 | D:1      | XOM: stat loss: -3 Str (8/11)
   702 | D:1      | XOM: summons 2 hostile demons
   703 | D:1      | Noticed a chaos spawn
   704 | D:1      | Slain by a chaos spawn

Illustrated notes

Levels and vault maps discovered:
D:1:      wander_arrival_chamber, layout_basic, ebering_dispersal_statue_hall,
          minmay_misc_feat_rows

Skill      XL: |  1  2 |
---------------+-------+-----
Stealth        | 1 |  1.3
Fighting       | |  3.2
Long Blades    | |  3.3
Dodging        | |  2.8

Action                   || total
-------------------------++-------
Melee: Falchion          ||    30
       Constrict         ||     8
       Tentacles         ||     6
 Stab: Sleeping          ||     2
Armor: Skin              ||     1
Dodge: Dodged            ||    20
       Rpst.: Falchion   ||     7

Table legend: (Time is in decaauts)
 A = Elapsed time spent in this place.
 B = Non-inter-level travel time spent in this place.
 C = Inter-level travel time spent in this place.
 D = Time resting spent in this place.
 E = Time spent auto-exploring this place.
 F = Levels seen in this place.
 G = Mean time per level.
                   A        B        C        D        E       F      G
               +--------+--------+--------+--------+--------+-----+--------+
         Total |    708 |    708 |      0 |      0 |    620 |   1 |  708.0 |
       Dungeon |    708 |    708 |      0 |      0 |    620 |   1 |  708.0 |
               +--------+--------+--------+--------+--------+-----+--------+

Top non-repeatable levels by time:
     D:1: 708 daAuts
